 Dungeon Crawl Stone Soup version 0.24.0-29-g8ce449bc06 (webtiles) character file.

Game seed: 4640085143236517762, levelgen mode: deterministic

19798 Mrkan the Severer (level 12, -1/110 HPs)
             Began as a Hill Orc Fighter on Nov 16, 2019.
             Was a High Priest of Uskayaw.
             Slain by Gastronok (31 damage)
             ... on level 3 of the Lair of Beasts.
             The game lasted 00:29:23 (15714 turns).

Mrkan the Severer (Hill Orc Fighter)               Turns: 15714, Time: 00:29:23

Health: -1/110     AC: 19    Str: 21    XL:     12   Next: 72%
Magic:  18/18      EV:  6    Int:  3    God:    Uskayaw [*****.]
Gold:   665        SH: 13    Dex: 17    Spells: 11/11 levels left

rFire    + . .     SeeInvis .   v - +0 hand axe "Giusk" {chop, rF+ Int-5 Dex+4}
rCold    . . .     Gourm    .   c - +1 shield
rNeg     . . .     Faith    .   A - +0 plate armour {rPois}
rPois    +         Spirit   .   K - +0 helmet
rElec    .         Reflect  .   t - +0 cloak
rCorr    .         Harm     .   J - +0 pair of gloves
MR       .....                  (no boots)
Stlth    ..........             (no amulet)
HPRegen  0.28/turn              (no ring)
MPRegen  0.16/turn              (no ring)

@: lethally poisoned (-1 -> -2)
A: no striking features
a: Stomp, Line Pass, Grand Finale, Renounce Religion


You were on level 3 of the Lair of Beasts.
You worshipped Uskayaw.
Uskayaw was aware of your devotion.
You were hungry.

You visited 3 branches of the dungeon, and saw 16 of its levels.

You collected 780 gold pieces.
You spent 115 gold pieces at shops.

Inventory:

Hand Weapons
 a - a +0 war axe
 v - the +0 hand axe "Giusk" (weapon) {chop, rF+ Int-5 Dex+4}
   (You found it on level 5 of the Dungeon)

   It inflicts extra damage upon your enemies.
   It affects your intelligence (-5).
   It affects your dexterity (+4).
   It protects you from fire.
 y - a +0 morningstar
Armour
 c - a +1 shield (worn)
 t - a +0 cloak (worn)
 A - a +0 plate armour of poison resistance (worn)
 J - a +0 pair of gloves (worn)
 K - a +0 helmet (worn)
Jewellery
 i - an uncursed ring of protection from fire {unknown}
 o - an uncursed ring of ice {unknown}
 q - an uncursed ring of fire
 L - an uncursed ring of poison resistance {unknown}
Wands
 w - a wand of paralysis (16)
 D - a wand of iceblast (7)
 G - a wand of disintegration (14)
 N - a wand of random effects (32)
 R - a wand of flame (12)
Scrolls
 b - 6 scrolls of enchant armour
 e - 8 scrolls of remove curse
 h - 4 scrolls of teleportation
 j - 5 scrolls of identify
 p - 3 scrolls of magic mapping {unknown}
 r - 3 scrolls of fog {unknown}
 s - 2 scrolls of enchant weapon {unknown}
 u - 3 scrolls of immolation {unknown}
 E - a scroll of summoning {unknown}
 H - 5 scrolls of blinking {unknown}
 I - a scroll of acquirement {unknown}
 M - a scroll of fear {unknown}
 Q - a scroll of random uselessness {unknown}
Potions
 d - a potion of might
 g - 4 potions of mutation
 k - 2 potions of flight
 l - 2 potions of invisibility
 m - a potion of agility {unknown}
 n - a potion of brilliance {unknown}
 x - 2 potions of curing
 z - a potion of berserk rage {unknown}
 B - a potion of cancellation {unknown}
 C - a potion of degeneration {unknown}
 F - a potion of ambrosia {unknown}
 O - a potion of experience {unknown}
 P - a potion of haste {unknown}
Comestibles
 f - 23 rations
 S - 14 chunks of flesh


   Skills:
 + Level 11.1 Fighting
 * Level 15.6 Axes
 + Level 10.2 Armour
 + Level 10.2 Shields
 + Level 8.6 Invocations


You had 11 spell levels left.
You didn't know any spells.
Your spell library contained the following spells:

 Spells                   Type           Power        Failure   Level  Hunger
 Animate Skeleton         Necr           N/A          100%        1    ##.....
 Apportation              Tloc           #.....       100%        1    ##.....
 Confusing Touch          Hex            #.....       100%        1    ##.....
 Summon Small Mammal      Summ           #...         100%        1    ##.....
 Confuse                  Hex            #.......     100%        3    ####...
 Gell's Gravitas          Tloc           #.........   100%        3    ####...
 Petrify                  Tmut/Erth      #.......     100%        4    #####..
 Bolt of Magma            Conj/Fire/Erth #.........   100%        5    ######.
 Iskenderun's Battlesphe  Conj/Chrm      #.......     100%        5    ######.
 Metabolic Englaciation   Hex/Ice        #.........   100%        5    ######.
 Venom Bolt               Conj/Pois      #.........   100%        5    ######.
 Yara's Violent Unravell  Hex/Tmut       #.........   100%        5    ######.
 Iron Shot                Conj/Erth      #.........   100%        6    #######
 Orb of Destruction       Conj           #.........   100%        7    #######
 Spellforged Servitor     Conj/Summ      #.........   100%        7    #######


Dungeon Overview and Level Annotations

Branches:
Dungeon (12/15)            Temple (1/1) D:4            Lair (3/6) D:10
    Orc (0/2) D:10
  Swamp: Lair:2-4    Shoals: Lair:2-4     Snake: Lair:2-4    Spider: Lair:2-4

Altars:
Ashenzari
Cheibriados
Dithmenos
Elyvilon
Fedhas
Gozag
Hepliaklqana
Kikubaaqudgha
Makhleb
Nemelex Xobeh
Okawaru
Qazlal
Ru
Sif Muna
Trog
Uskayaw
Vehumet
Wu Jian
Xom
Yredelemnul
Zin
The Shining One

Shops:
D:7 }??*   D:8 ?   D:9 }

Annotations:
D:12 Sonja
Lair:1 Nergalle
Lair:2 1 runed translucent door, Curus's ghost, journeyman MiMo
Lair:3 Gastronok


Message History

Gastronok is heavily wounded.
Gastronok bites you!
You can now merge with and destroy a victim.
Your plate armour prevents you from hitting Gastronok.
Gastronok is heavily wounded.
You slash Gastronok!
Gastronok is severely wounded.
You hit Gastronok.
Gastronok is severely wounded.
You feel sick. Gastronok bites you!!
* * * LOW HITPOINT WARNING * * *
You hit Gastronok but do no damage.
Gastronok is severely wounded.
You slash Gastronok!
Gastronok is severely wounded.
Aiming: Grand Finale
Press: ? - help, Shift-Dir - straight line, f - Gastronok
Aim: Gastronok, wearing a +0 hat of magic resistance (severely wounded)
You fail to use your ability.
Gastronok bites you!!
You die... ....#.... ......... .YYY.

........P ......... Y...
........P #...#.... Y.. ........#
#...P.... .. ........P##........
. ........##....# ....
....w...###..## #..#### ##
........##@...#####.P..###.
.........w#................
.........##................
...........................
.......>.#..........PP..##.
...........###...#.P.#.##..
###..........P.......#...#..
#.........[.................
######...........................


You could see Gastronok.

Vanquished Creatures
  A rakshasa (D:10)
  A hydra (Lair:1)
  A two-headed ogre (D:8)
  Psyche (D:8)
  A gargoyle (D:10)
  5 spiny frogs
  A rime drake (Lair:2)
  3 komodo dragons
  A troll (D:10)
  5 blink frogs (Lair:3)
  Prince Ribbit (D:7)
  A slime creature (D:12)
  6 hippogriffs
  2 wraiths
  A basilisk (D:7)
  16 yaks
  Sigmund (D:4)
  3 wyverns
  2 hungry ghosts
  A vampire mosquito (D:10)
  A steam dragon (D:8)
  Menkaure (D:4)
  Duvessa (D:5)
  6 water moccasins
  4 porcupines
  2 orc warriors (D:6)
  2 sky beasts
  A black bear (D:8)
  8 ogres
  2 necrophages
  A phantom (D:7)
  A centaur (D:7)
  5 crocodiles
  9 wolves
  2 big kobolds (D:10)
  16 bullfrogs
  A gnoll sergeant (D:10)
  A water moccasin zombie (D:10)
  2 scorpions
  Dowan (D:5)
  A jelly (D:5)
  8 wights
  9 howler monkeys
  4 crimson imps
  A bullfrog zombie (D:9)
  3 centaur zombies
  5 hounds
  4 human zombies (D:8)
  Crazy Yiuf (D:2)
  5 orc priests
  2 bullfrog skeletons (D:8)
  A gnoll shaman (D:8)
  A centaur skeleton (D:10)
  A human skeleton (D:8)
  Natasha (twice) (D:2)
  5 iguanas
  6 orc wizards
  7 worker ants
  2 mummies (D:8)
  12 adders
  10 gnolls
  A shadow imp (D:10)
  An ooze (D:3)
  2 adder skeletons (D:8)
  A worm (D:2)
  2 dart slugs
  9 leopard geckos
  30 orcs
  3 giant cockroaches
  9 goblins
  4 hobgoblins
  11 jackals
  4 quokkas
  2 ball pythons
  5 bats
  7 frilled lizards
  10 kobolds
  5 rats
  A fungus (Lair:3)
  A plant (Lair:3)
319 creatures vanquished.

Vanquished Creatures (others)
  4 fungi
  2 withered plants (Lair:2)
6 creatures vanquished.

Grand Total: 325 creatures vanquished

Notes
Turn   | Place    | Note
-------+----------+-------------------------------------------
     0 | D:1      | Mrkan the Hill Orc Fighter began the quest for the Orb.
     0 | D:1      | Reached XP level 1. HP: 19/19 MP: 1/1
    72 | D:1      | Reached skill level 3 in Axes
    72 | D:1      | Reached XP level 2. HP: 25/27 MP: 2/2
   576 | D:2      | Reached XP level 3. HP: 33/33 MP: 3/3
   761 | D:2      | Noticed Natasha
   767 | D:2      | Killed Natasha
   767 | D:2      | Reached skill level 4 in Axes
   767 | D:2      | Reached XP level 4. HP: 38/40 MP: 4/4
   904 | D:2      | Noticed Natasha
   923 | D:2      | Killed Natasha
   977 | D:2      | Found a runed translucent door.
   978 | D:2      | Noticed Crazy Yiuf
   987 | D:2      | Killed Crazy Yiuf
   987 | D:2      | Reached XP level 5. HP: 10/47 MP: 5/5
  1417 | D:3      | Reached skill level 5 in Axes
  1496 | D:3      | Reached XP level 6. HP: 32/55 MP: 6/6
  1776 | D:3      | Reached skill level 5 in Fighting
  1800 | D:3      | Reached skill level 6 in Axes
  1999 | D:4      | Noticed Sigmund
  2034 | D:4      | Killed Sigmund
  2034 | D:4      | Reached XP level 7. HP: 42/61 MP: 7/7
  2267 | D:4      | Reached skill level 5 in Shields
  2302 | D:4      | Found a staircase to the Ecumenical Temple.
  2326 | Temple   | Entered the Ecumenical Temple
  2397 | Temple   | Became a worshipper of Uskayaw the Reveler
  2427 | D:4      | Reached * piety under Uskayaw
  2471 | D:4      | Reached ** piety under Uskayaw
  2475 | D:4      | Reached *** piety under Uskayaw
  2476 | D:4      | Reached skill level 7 in Axes
  2841 | D:4      | Noticed Menkaure
  2857 | D:4      | Killed Menkaure
  2857 | D:4      | Reached skill level 5 in Armour
  3175 | D:5      | Entered Level 5 of the Dungeon
  3180 | D:5      | Found a shattered altar of Ashenzari.
  3559 | D:5      | Reached XP level 8. HP: 59/70 MP: 8/8
  3599 | D:5      | Got a translucent hand axe
  3600 | D:5      | Identified the cursed +0 hand axe "Giusk" {chop, rF+ Int-5
                  | Dex+4} (You found it on level 5 of the Dungeon)
  3676 | D:5      | Noticed Duvessa
  3676 | D:5      | Noticed Dowan
  3685 | D:5      | Killed Dowan
  3685 | D:5      | Reached skill level 8 in Axes
  3690 | D:5      | Reached **** piety under Uskayaw
  3695 | D:5      | Killed Duvessa
  3836 | D:5      | Found a glowing golden altar of the Shining One.
  4196 | D:6      | Reached skill level 9 in Axes
  5445 | D:6      | Reached XP level 9. HP: 79/79 MP: 9/9
  5571 | D:7      | Found Ciass's Gadget Shoppe.
  5590 | D:7      | Found Duimn's Magic Scroll Shoppe.
  5644 | D:7      | Noticed Prince Ribbit
  5661 | D:7      | Reached skill level 10 in Axes
  5712 | D:7      | Killed Prince Ribbit
  5988 | D:7      | Found Xiohu's Magic Scroll Boutique.
  6018 | D:7      | Found Bunwox's General Store.
  6068 | D:7      | Bought a scroll of enchant armour for 82 gold pieces
  6068 | D:7      | Bought a potion of curing for 33 gold pieces
  6517 | D:7      | Reached skill level 11 in Axes
  6517 | D:7      | Reached skill level 1 in Invocations
  6933 | D:8      | You fall into a shaft and drop 2 floors!
  6933 | D:10     | Entered Level 10 of the Dungeon
  6973 | D:10     | Found a staircase to the Orcish Mines.
  6985 | D:9      | Found a shimmering altar of Xom.
  6987 | D:9      | Found a shimmering altar of Xom.
  6988 | D:9      | Found a shimmering altar of Xom.
  7014 | D:9      | Reached XP level 10. HP: 87/88 MP: 11/11
  7032 | D:9      | Reached ***** piety under Uskayaw
  7051 | D:9      | Reached ****** piety under Uskayaw
  7294 | D:9      | Found a burning altar of Makhleb.
  7309 | D:9      | Found Ajuxt's Gadget Shop.
  7663 | D:9      | Reached skill level 12 in Axes
  7753 | D:9      | Found a shimmering altar of Xom.
  7754 | D:9      | Found a shimmering altar of Xom.
  7754 | D:9      | Found a shimmering altar of Xom.
  7754 | D:9      | Found a shimmering altar of Xom.
  7754 | D:9      | Found a shimmering altar of Xom.
  7826 | D:9      | You fall into a shaft and drop 3 floors!
  7840 | D:12     | Noticed Sonja
  7895 | D:11     | HP: 3/90 [poisoned by Sonja]
  8321 | D:10     | Found a hazy altar of Hepliaklqana.
  8457 | D:10     | Found a staircase to the Lair.
  8705 | D:8      | Noticed Psyche
  8717 | D:8      | Killed Psyche
  8799 | D:8      | Noticed a two-headed ogre
  8818 | D:8      | Killed a two-headed ogre
  8818 | D:8      | Reached skill level 5 in Invocations
  8970 | D:8      | Found Kezedov's Magic Scroll Boutique.
  9039 | D:8      | Reached XP level 11. HP: 89/97 MP: 14/14
  9051 | D:8      | Reached skill level 13 in Axes
  9722 | D:8      | Found a basalt altar of Yredelemnul.
 10645 | D:10     | Noticed a rakshasa
 10685 | D:10     | Reached skill level 10 in Fighting
 10685 | D:10     | Reached skill level 14 in Axes
 10700 | D:10     | Killed a rakshasa
 11021 | Lair:1   | Entered Level 1 of the Lair of Beasts
 11646 | Lair:1   | Found a hazy altar of Hepliaklqana.
 11748 | Lair:1   | Noticed Nergalle
 12171 | Lair:2   | Reached XP level 12. HP: 67/107 MP: 17/17
 12320 | Lair:2   | Noticed a six-headed hydra
 12743 | Lair:2   | Found a runed translucent door.
 12744 | Lair:2   | Noticed Curus's ghost (journeyman MiMo)
 13190 | Lair:1   | Killed a six-headed hydra
 13776 | Lair:2   | Reached skill level 15 in Axes
 14945 | Lair:3   | Reached skill level 10 in Armour
 14954 | Lair:3   | Reached skill level 10 in Shields
 15665 | Lair:3   | Noticed Gastronok
 15714 | Lair:3   | Slain by Gastronok

Levels and vault maps discovered:
D:1:      dpeg_arrival_tiny_g, layout_basic
D:2:      layout_basic, uniq_crazy_yiuf_cottage, uniq_natasha
D:3:      layout_loops_ring, first_ration
D:4:      layout_gridville, minmay_temple_entry_gardened_gates,
          kennysheep_flooded_box, minmay_lizard_king, uniq_sigmund,
          uniq_menkaure
D:5:      layout_gridville, nicolae_tso_swordbearing_angel,
          kennysheep_big_empty_room, serial_park_tiny_2, ashenzari_altar_1,
          uniq_duvessa
D:6:      layout_basic, minmay_fractal_squares_gapless_5
D:7:      layout_rooms, serial_shops, nicolae_shop_trees, shop,
          nicolae_shop_statue_plus, shop, grunt_ogre_cave,
          kennysheep_minor_cross, uniq_prince_ribbit1
D:8:      layout_loops_corners, serial_shops, shop,
          lemuel_mausoleum_altar_yredelemnul, uniq_psyche
D:9:      layout_roguey, serial_shops, shop_statue, basic_altar,
          xom_shifter_show
D:10:     minmay_the_grid_3x3 [minmay_the_grid_outer_diamond,
          minmay_the_grid_spikes, minmay_the_grid_expand,
          minmay_the_grid_square_x, minmay_the_grid_minigrid_large,
          minmay_the_grid_plusring, minmay_the_grid_all_tris,
          minmay_the_grid_aliased_spiral, minmay_the_grid_prize_inner_circle],
          layout_basic, basic_altar
D:11:     minmay_tri_box, layout_rooms, portal_ice_cave_demonic_guard,
          lemuel_statue_altar
D:12:     layout_basic, interstate_on_off, uniq_sonja
Temple:   compressed_dpeg_triangle_lava_temple
Lair:1:   layout_regular_city, basic_altar, uniq_nergalle
Lair:2:   layout_small_grid, gammafunk_ghost_grave
Lair:3:   layout_gridlike, dummy_snake_entry, uniq_gastronok

Skill      XL: |  1  2  3  4  5  6  7  8  9 10 11 12 |
---------------+-------------------------------------+-----
Axes           | 3 4 5 6 7 9 11 12 14 15 | 15.6
Fighting       | 4 5 7 8 9 10 11 | 11.1
Shields        | 4 5 6 7 8 9 10 | 10.2
Armour         | 4 5 6 7 8 9 10 | 10.2
Invocations    | 2 5 7 8 |  8.6

Action                   |  1- 3 |  4- 6 |  7- 9 | 10-12 || total
-------------------------+-------+-------+-------+-------++-------
Melee: War axe           |    98 |   187 |   100 |       ||   385
       Hand axe          |       |       |   310 |  1094 ||  1404
       Morningstar       |       |       |       |    76 ||    76
Invok: Stomp             |       |       |       |     2 ||     2
  Use: Scroll            |       |       |     9 |     1 ||    10
       Potion            |       |       |     1 |     5 ||     6
 Stab: Paralysed         |       |       |    11 |    61 ||    72
  Eat: Chunk             |       |     4 |    17 |    13 ||    34
       Ration            |       |       |     1 |     5 ||     6
Armor: Scale mail        |    17 |       |       |       ||    17
       Plate armour      |    71 |   125 |   155 |   465 ||   816
Dodge: Dodged            |    17 |    27 |    50 |   141 ||   235
Block: Shield            |    53 |    85 |   216 |   578 ||   932
